AoeStats
← Rayz

Arena

510508310Analyzed
4v4 RM · 18h ago on Oct 1, 2026· 28m 31s· 8 players
Game mode
Random Map
Map size
Large (8 player)
Population
200
Speed
Normal
Resources
Standard
Victory
Conquest
Starting age
Dark Age
Ending age
Imperial Age
RankedLock teamsTeams togetherTeam positionsShared explorationLock speedFull tech treeHidden civsTurbo modeCheats
Victory
Defeat
🇹🇼 Romans · Taiwan
2058
+6
🇹🇼 Saxons · Taiwan
1976
+8
🇹🇼 Khmer · Taiwan
1970
+8
🇹🇼 Mongols · Taiwan
1872
+13
🇨🇳 Malay · China
1881
-12
🇨🇳 Mongols · China
1858
-11
🇹🇼 Varangians · Taiwan
1775
-8
🇹🇷 Saxons · Türkiye
1636
-4
[LuB]夢夢
10:11 Feudal Age
13:49 Castle Age
11:41 Horse Collar
12:40 Double-Bit Axe
14:49 Bow Saw
17:25 Husbandry
21:48 Gold Mining
23:02 Wheelbarrow
23:32 Loom
24:39 Town Watch
25:03 Stone Mining
25:18 Heavy Plow
30:04 Imperial Age
28:11 Scale Barding Armor
28:18 Bloodlines
28:20 Forging
GKT_Cloud
5:38 Loom
7:57 Feudal Age
8:54 Double-Bit Axe
10:22 Horse Collar
11:30 Fletching
19:31 Castle Age
18:11 Town Watch
19:01 Wheelbarrow
18:34 Gold Mining
21:20 Bow Saw
22:06 Bodkin Arrow
24:34 Guard Tower
kw
10:49 Feudal Age
14:27 Castle Age
12:13 Double-Bit Axe
12:08 Horse Collar
15:37 Bow Saw
15:36 Heavy Plow
20:41 Wheelbarrow
20:26 Gold Mining
22:59 Stone Mining
28:01 Imperial Age
25:17 Loom
25:17 Town Watch
25:48 Fletching
26:52 Hand Cart
27:14 Gold Shaft Mining
27:04 Ballistics
27:18 Bodkin Arrow
27:48 Bloodlines
27:38 Husbandry
27:54 Padded Archer Armor
28:45 Bracer
29:52 Chemistry
Rayz
9:11 Feudal Age
9:15 Loom
12:44 Castle Age
10:44 Double-Bit Axe
13:48 Bow Saw
23:44 Wheelbarrow
24:26 Horse Collar
aazz
10:28 Feudal Age
14:08 Castle Age
12:23 Double-Bit Axe
13:01 Horse Collar
15:05 Bow Saw
21:25 Wheelbarrow
21:13 Gold Mining
23:52 Stone Mining
28:13 Imperial Age
25:30 Loom
26:06 Heavy Plow
27:25 Hand Cart
26:55 Town Watch
27:23 Forging
27:20 Scale Barding Armor
27:49 Bloodlines
27:39 Husbandry
Sekov
9:46 Feudal Age
9:35 Loom
13:59 Castle Age
12:46 Fletching
14:47 Bodkin Arrow
19:23 Double-Bit Axe
29:22 Ballistics
ique大爷
8:27 Feudal Age
7:56 Horse Collar
8:06 Double-Bit Axe
16:12 Castle Age
14:51 Scale Barding Armor
15:15 Loom
16:02 Forging
25:10 Bow Saw
温蒂
9:40 Feudal Age
13:35 Castle Age
11:23 Horse Collar
12:08 Double-Bit Axe
14:36 Bow Saw
18:40 Loom
23:04 Fletching
23:26 Guard Tower
24:21 Bodkin Arrow
Connection lost

Rejoining the realm…

Still unreachable

The connection could not be restored.

Session expired

The server has moved on; the page needs a fresh start.